 Dungeon Crawl Stone Soup version 0.29.0 (webtiles) character file.

Game seed: 14319075871774463867

1777 worthlessgem the Scratcher (level 8, -2/33 (36) HPs)
             Began as a Felid Transmuter on Aug 24, 2022.
             Was an Elder of Okawaru.
             Slain by a wight
             ... wielding a +2 hand axe of electrocution
              (7 damage)
             ... on level 7 of the Dungeon.
             The game lasted 01:07:31 (7922 turns).

worthlessgem the Scratcher (Felid Transmuter)       Turns: 7922, Time: 01:07:31

HP:   -2/33 (36)    AC:  2    Str:  8    XL:     8   Next: 81%
MP:   6/14          EV: 21    Int: 17    God:    Okawaru [****..]
Gold: 382           SH:  0    Dex: 16    Spells: 1/14 levels left
                                        Lives: 0   Deaths: 2

rFire   . . .      SeeInvis +     - Unarmed
rCold   . . .      Faith    .   (shield unavailable)
rNeg    . . .      Spirit   .   (body armour unavailable)
rPois   .          Reflect  .   (helmet unavailable)
rElec   .          Harm     .   (cloak unavailable)
rCorr   .          Rampage  .   (gloves unavailable)
Will    +....                   (boots unavailable)
Stlth   +++.......              c - amulet of regeneration
HPRegen 0.91/turn               (no ring)
MPRegen 0.14/turn               (no ring)

@: wereblooded, drained, quick
A: very small, claws 1, fangs 3, see invisible, speed 1, shaggy fur 2, stealthy
paws, no weapons or thrown items, no armour, multi-lived
a: Renounce Religion, Heroism, Finesse


You were on level 7 of the Dungeon.
You worshipped Okawaru.
Okawaru was greatly pleased with you.
You visited 2 branches of the dungeon, and saw 8 of its levels.
You also visited: Sewer and Bailey.

You collected 382 gold pieces.

Inventory:

Jewellery
 c - an amulet of regeneration (around neck)
 f - a ring of willpower
 g - an amulet of magic regeneration
 t - a ring of resist corrosion
Wands
 u - a wand of mindburst (5)
Scrolls
 b - 3 scrolls of amnesia
 d - 2 scrolls of poison
 h - a scroll of teleportation
 m - a scroll of torment
 n - 5 scrolls of noise
 o - a scroll of fear
 p - a scroll of enchant armour
 q - a scroll of acquirement
 x - 2 scrolls of vulnerability {unknown}
Potions
 a - 2 potions of lignification
 e - a potion of brilliance {unknown}
 i - 2 potions of flight {unknown}
 j - 2 potions of cancellation {unknown}
 k - a potion of magic {unknown}
 l - 2 potions of mutation {unknown}
 r - 2 potions of berserk rage {unknown}
 v - 2 potions of ambrosia {unknown}


   Skills:
 - Level 4.7 Fighting
 - Level 6.9 Dodging
 - Level 4.0 Stealth
 - Level 7.6 Unarmed Combat
 + Level 3.7 Spellcasting
 + Level 1.4 Translocations
 - Level 7.1 Transmutations
 - Level 4.1 Ice Magic
 - Level 1.7 Earth Magic
 - Level 1.6 Poison Magic


You had one spell level left.
You knew the following spells:

 Your Spells              Type           Power      Damage    Failure   Level
a - Beastly Appendage     Tmut           54%        N/A       1%          1
b - Wereblood             Tmut           27%        N/A       1%          2
c - Spider Form           Tmut/Pois      18%        N/A       8%          3
d - Ice Form              Ice/Tmut       22%        N/A       16%         4
e - Frozen Ramparts       Ice            34%        1d6       9%          3

Your spell library contained the following spells:

 Spells                   Type           Power      Damage    Failure   Level
 Sting                    Tmut/Pois      72%        1d6       2%          1
 Freeze                   Ice            68%        1d8       3%          1
 Static Discharge         Conj/Air       3%         3-4/arc   24%         2
 Sublimation of Blood     Necr           3%         N/A       24%         2
 Gell's Gravitas          Tloc           8%         N/A       26%         3
 Teleport Other           Tloc           8%         N/A       26%         3
 Hailstorm                Conj/Ice       10%        3d5       56%         4
 Passage of Golubria      Tloc           8%         N/A       65%         4
 Leda's Liquefaction      Hex/Erth       3%         N/A       75%         4
 Dispel Undead            Necr           3%         3d7       85%         4
 Sticky Flame             Conj/Fire      3%         2d3       85%         4
 Lee's Rapid Deconstruct  Erth           4%         3d6*      92%         5
 Silence                  Hex/Air        1%         N/A       99%         5
 Statue Form              Tmut/Erth      12%        N/A       99%         6
 Dispersal                Tloc           4%         N/A       100%        6
 Lehudib's Crystal Spear  Conj/Erth      3%         10d2      100%        8
 Summon Hydra             Summ           Unusable   N/A       N/A         7

Dungeon Overview and Level Annotations

Branches:
Dungeon (7/15)             Temple (1/1) D:5           Sewer (visited)
 Bailey (visited)

Altars:
Cheibriados
Fedhas
Hepliaklqana
Kikubaaqudgha
Okawaru
Qazlal
Sif Muna
Uskayaw
Vehumet
Xom
Zin

Shops:
D:3 (

Annotations:
D:7 I'll get passage of golubria first. (need transloc + spellcast)


Innate Abilities, Weirdness & Mutations

You have sharp claws.
You have razor-sharp teeth.
You have supernaturally acute eyesight. (SInv)
You cover ground quickly. (Speed+)
You are covered in thick fur. (AC +2)
Your paws help you pounce on unaware monsters.
You are incapable of wielding weapons or throwing items.
You cannot wear armour.
You gain extra lives every three experience levels.


Message History

The wall freezes the wight but does no damage.
Casting: Frozen Ramparts (dangerous; 9% risk of failure)
Confirm with . or Enter, or press ? or * to list all spells.
The spell is quite dangerous to miscast (16% risk of failure)!
Continue anyway?
You turn into a creature of crystalline ice.
The wight resists.
The wall freezes the wight.
The wight hits you with a +1 flail!
You feel drained.
The wight completely resists.
The wall freezes the wight but does no damage. x2
The wight completely resists.
The wall freezes the wight but does no damage.
The wight hits you from afar with a +0 trident.
* * * LOW HITPOINT WARNING * * *
You punch the wight!
You feel a bit better.
You destroy the wight!
Okawaru accepts your kill.
The wall freezes the wight but does no damage. x2
The wight completely resists.
The wall freezes the wight but does no damage.
The wight barely misses you.
Your Translocations skill increases to level 1!
You completely miss the wight.
The wight completely resists.
The wall freezes the wight but does no damage.
The wight completely resists.
The wall freezes the wight but does no damage.
The wight hits you with a +2 hand axe of electrocution.
You are electrocuted!
* * * LOW HITPOINT WARNING * * *
The wall freezes the wight but does no damage.
The wight barely misses you.
You punch the wight!
The wight is heavily damaged.
The frozen ramparts melt away.
The wight hits you but does no damage.
The wight hits you from afar with a +0 trident.
* * * LOW HITPOINT WARNING * * *
You feel drained.
Unknown command.
You warm up again.
The wight hits you with a +2 hand axe of electrocution!
You die...

#............###.#.##
######...
###.##.......# ##..#
#... #.##########
##.# #.#. #[# ##
###.# #... #.# #..
#...# #... #.# #...
#.### #.# #.# .....
#.# .#
#.........z###.# ..
####.....zzz@..# ##.
#.# #...####### # ..
.... # .. #.#. ..F.
#.#.###...#
#.....#...##
#..........# #.....#
#....<# #.....#


You could see 4 wights.

Vanquished Creatures
  A gargoyle (Bailey)
  A komodo dragon (D:6)
  3 yaks (D:5)
  A water moccasin (D:6)
  A centaur (D:5)
  2 ogres
  A phantom (D:6)
  A bullfrog (D:7)
  3 necrophages
  A scorpion (D:5)
  A wight (D:7)
  5 killer bees (D:7)
  6 vampire bats (Bailey)
  7 wolf zombies (Bailey)
  2 hounds
  An iron imp (D:3)
  3 jellies
  A gnoll bouda (D:6)
  7 iguanas
  6 gnolls
  18 adders
  4 river rats (Sewer)
  A shadow imp (D:7)
  A white imp (D:6)
  An ufetubus (D:5)
  5 worms
  2 dart slugs
  13 orcs
  5 ball pythons
  11 endoplasms
  2 giant cockroaches
  5 goblins
  9 hobgoblins
  3 jackals
  3 quokkas
  17 bats
  5 frilled lizards
  12 kobolds
  19 orc zombies (Bailey)
  4 rats
194 creatures vanquished.

Vanquished Creatures (others)
  3 plants (D:5)
3 creatures vanquished.

Grand Total: 197 creatures vanquished

Notes
Turn   | Place    | Note
-------+----------+-------------------------------------------
     0 | D:1      | worthlessgem the Felid Transmuter began the quest for the
                  | Orb.
     0 | D:1      | Reached XP level 1. HP: 9/9 MP: 4/4
   314 | D:1      | Reached XP level 2. HP: 9/12 MP: 4/6
   321 | D:1      | Learned a level 2 spell: Wereblood
   403 | D:1      | Found a faded altar of an unknown god.
   586 | D:1      | Reached XP level 3. HP: 15/15 MP: 5/8
   590 | D:1      | Learned a level 3 spell: Spider Form
  1193 | D:2      | Found a shimmering altar of Xom.
  1416 | D:2      | Reached XP level 4. HP: 19/19 MP: 2/9
  1691 | D:3      | Found a snail-covered altar of Cheibriados.
  1736 | D:3      | Found Punen's Weapon Shop.
  1985 | D:3      | Found a glowing drain.
  2015 | Sewer    | Entered a sewer
  2068 | Sewer    | Reached XP level 5. HP: 22/22 MP: 8/10
  2097 | Sewer    | Reached skill level 5 in Unarmed Combat
  2359 | Sewer    | Learned a level 4 spell: Ice Form
  2414 | D:3      | Found a stormy altar of Qazlal.
  2421 | D:3      | Found a blossoming altar of Fedhas.
  2514 | D:3      | Found a hide-covered altar of Uskayaw.
  2657 | D:3      | Gained mutation: You are covered in thick fur. (AC +2)
                  | [Felid growth]
  2657 | D:3      | Reached XP level 6. HP: 25/25 MP: 8/11
  3068 | D:4      | Reached skill level 1 in Ice Magic
  3118 | D:4      | Slain by an ogre
  3119 | D:4      | Reached XP level 5. HP: -1/22 MP: 5/10
  3137 | D:5      | Entered Level 5 of the Dungeon
  3149 | D:5      | Noticed a centaur
  3163 | D:5      | Killed a centaur
  3164 | D:5      | Reached XP level 6. HP: 18/25 MP: 11/11
  3271 | D:4      | Found an iron altar of Okawaru.
  3274 | D:4      | Found a hazy altar of Hepliaklqana.
  3516 | D:5      | Found a staircase to the Ecumenical Temple.
  3522 | Temple   | Entered the Ecumenical Temple
  3529 | Temple   | Reached skill level 5 in Transmutations
  3560 | D:5      | Noticed a yak
  3560 | D:5      | Noticed a yak
  3562 | D:5      | Noticed a yak
  3620 | D:1      | Prayed at the altar of an unknown god.
  3620 | D:1      | Became a worshipper of Warmaster Okawaru
  3620 | D:1      | Reached * piety under Okawaru
  3742 | D:4      | You fall into a shaft and drop 1 floor!
  3838 | D:5      | Reached XP level 7. HP: 28/28 MP: 6/12
  4677 | D:6      | Reached skill level 1 in Poison Magic
  4705 | D:6      | Noticed a komodo dragon
  4732 | D:6      | Killed a komodo dragon
  4732 | D:6      | Reached ** piety under Okawaru
  4733 | D:6      | Reached XP level 8. HP: 32/32 MP: 7/13
  4809 | D:6      | Reached skill level 1 in Stealth
  5014 | D:6      | Found a glowing silver altar of Zin.
  5031 | D:6      | Found a shimmering altar of Xom.
  5443 | D:6      | Found an ancient bone altar of Kikubaaqudgha.
  5443 | D:6      | Found a shimmering blue altar of Sif Muna.
  5445 | D:6      | Found a radiant altar of Vehumet.
  5450 | D:6      | Got Sif Muna's Lectures on Metamorphosis
  5458 | D:6      | Learned a level 3 spell: Frozen Ramparts
  6037 | D:5      | Reached *** piety under Okawaru
  6324 | D:5      | Reached skill level 5 in Dodging
  6431 | D:5      | Found a staircase to the Ecumenical Temple.
  6668 | D:7      | Identified a scroll of acquirement
  6842 | D:7      | Reached XP level 9. HP: 37/38 MP: 12/14
  7003 | D:7      | Found a flagged portal.
  7012 | Bailey   | Entered a bailey
  7013 | Bailey   | Acquired a book of Touch
  7253 | Bailey   | Noticed a gargoyle
  7278 | Bailey   | Killed a gargoyle
  7279 | Bailey   | Reached skill level 1 in Earth Magic
  7357 | Bailey   | Slain by a vampire
  7358 | Bailey   | Reached XP level 8. HP: 0/54 MP: 9/13
  7424 | Bailey   | Reached **** piety under Okawaru
  7796 | D:7      | test
  7797 | D:7      | Upgraded the game from 0.29-b1-12-g9e2288ab2a to 0.29.0
  7920 | D:7      | Reached skill level 1 in Translocations
  7922 | D:7      | Slain by a wight

Illustrated notes

..............#...[..# ####z###
......##.########...## #.#
#...#..#.# #...# ####z###
##.##..#.# #...# #.z>...>
...##..#.# #...######.##.##.
.........# ######.<......#.#..#
..##.....###.............#.#.## .
......>....................#.###.
..##.##..###....@................
..###.#.## ######...####.#...(.##
..# #..# #........#.....# ###
##.# #.#.######.....# #.# #...#
#.....# ..# #.. # ###.#### ###
#.# #......# .# #.#.##.# ..
#.#.##.#


Turn 7796 on D:7: test

Levels and vault maps discovered:
D:1:      amcnicky_arrival_single_pillar, layout_loops_corners,
          hellmonk_ecumenical_altar_lost_god
D:2:      layout_rooms, basic_altar
D:3:      layout_basic, grunt_temple_overflow_forces_of_nature,
          lemuel_round_altar, slow_altar_1, serial_shops,
          nicolae_shop_advertising_works [nicolae_subvault_shop_adworks],
          cheibrodos_sewer_entry_bend
D:4:      minmay_clustersquares, layout_basic, amethyst_overflow_temple_binary
D:5:      layout_loops_ring, minmay_temple_entry_gardened_gates,
          item_on_display_a
D:6:      layout_loops_corners, grunt_temple_overflow_magic_moments,
          mainiacjoe_overflow_alcove_1, zin_academy
D:7:      layout_loops_cross, enter_bailey_2
Temple:   ebering_the_none_and_only

Skill      XL: |  1  2  3  4  5  6  7  8  9 |
---------------+----------------------------+-----
Spellcasting   | 3 |  3.7
Unarmed Combat | 4 5 6 7 |  7.6
Ice Magic      | 2 4 |  4.1
Transmutations | 4 5 7 |  7.1
Poison Magic   | 1 |  1.6
Dodging        | 5 6 |  6.9
Stealth        | 4 |  4.0
Fighting       | 3 4 |  4.7
Earth Magic    | 1 |  1.7
Translocations | 1 |  1.4

Action                   |  1- 3 |  4- 6 |  7- 9 || total
-------------------------+-------+-------+-------++-------
Melee: Unarmed           |    85 |   227 |   261 ||   573
       Bite              |     4 |    11 |     8 ||    23
       Headbutt          |     3 |     6 |     6 ||    15
       Punch             |       |     5 |     3 ||     8
 Cast: Beastly Appendage |    15 |    11 |     7 ||    33
       Wereblood         |     1 |       |     5 ||     6
       Spider Form       |     3 |    20 |    10 ||    33
       Ice Form          |       |       |    17 ||    17
       Frozen Ramparts   |       |       |     6 ||     6
Invok: Heroism           |       |     1 |     1 ||     2
 Abil: End Transformatio |     1 |       |     7 ||     8
Evoke: Wand              |       |     1 |       ||     1
  Use: Scroll            |       |     7 |     7 ||    14
       Potion            |       |       |     9 ||     9
 Stab: Sleeping          |     2 |     1 |     2 ||     5
       Distracted        |     1 |       |       ||     1
Armor: Skin              |     7 |    17 |    45 ||    69
Dodge: Dodged            |    56 |   212 |   202 ||   470
